 Dungeon Crawl Stone Soup version 0.20.1-1-g8b1a95d (webtiles) character file.

7399 Knicklaso the Grappler (level 10, -6/169 (171) HPs)
             Began as a Troll Monk on July 19, 2017.
             Mangled by a wolf (12 damage)
             ... on level 5 of the Lair of Beasts.
             The game lasted 00:19:29 (7479 turns).

Knicklaso the Grappler (Troll Monk)                 Turns: 7479, Time: 00:19:29

HP:   -6/169 (171)  AC:  5    Str: 24 (26) XL:     10   Next: 92%
MP:   12/12         EV: 12    Int: 10 (11) God:
Gold: 362           SH:  4    Dex: 12 (15) Spells: 9/9 levels left

rFire    . . .     SeeInvis .     - Unarmed
rCold    . . .     Gourm    +   (no shield)
rNeg     . . .     Faith    .   u - +0 robe {MR+}
rPois    .         Spirit   .   (helmet restricted)
rElec    .         Reflect  +   (no cloak)
rCorr    .         Harm     .   (gloves unavailable)
MR       +....                  (boots unavailable)
Stlth    ..........             g - +4 amulet of reflection
Regen    0.8/turn               (no ring)
MPRegen  0.2/turn               (no ring)

@: brilliant, berserking, flying, very quick
A: unfitting armour, claws 3, horns 1, fast metabolism 3, gourmand, mutation
resistance 1, regeneration 1, robust 1, shaggy fur 1, tough skin 2
a: no special abilities


You were on level 5 of the Lair of Beasts.
You were completely stuffed.

You visited 2 branches of the dungeon, and saw 13 of its levels.

You collected 362 gold pieces.

Inventory:

Missiles
 n - 5 large rocks (quivered)
Armour
 u - a +0 robe of magic resistance (worn)
Jewellery
 a - an uncursed ring of stealth {unknown}
 g - a +4 amulet of reflection (around neck)
 v - a +2 ring of intelligence {unknown}
 C - a cursed ring of loudness {unknown}
 D - an uncursed amulet of regeneration {unknown}
 L - an uncursed amulet of harm {unknown}
Wands
 B - a wand of paralysis (13/24)
 O - a wand of lightning (6/15)
 R - a wand of confusion (26/48)
Scrolls
 c - 2 scrolls of noise {unknown}
 h - 2 scrolls of blinking {unknown}
 i - 3 scrolls of remove curse {unknown}
 j - a scroll of amnesia {unknown}
 k - 2 scrolls of enchant weapon {unknown}
 l - 2 scrolls of immolation {unknown}
 m - 3 scrolls of teleportation {unknown}
 o - 9 scrolls of identify {unknown}
 x - a scroll of fog {unknown}
 y - a scroll of torment {unknown}
 E - 2 scrolls of vulnerability {unknown}
 F - a scroll of fear {unknown}
 G - a scroll of holy word {unknown}
 J - a scroll of random uselessness {unknown}
 V - a scroll of recharging {unknown}
Potions
 e - 4 potions of brilliance
 f - a potion of haste {unknown}
 p - a potion of heal wounds {unknown}
 q - a potion of flight
 s - a potion of resistance {unknown}
 t - a potion of berserk rage
 w - a potion of mutation {unknown}
 H - a potion of might {unknown}
 I - 2 potions of magic {unknown}
 K - a potion of degeneration
 M - a potion of cancellation {unknown}
 N - 2 potions of lignification {unknown}
 T - a potion of ambrosia {unknown}
Books
 z - a book of Cantrips

   Spells                             Type                      Level
   a - Confusing Touch                Hexes                        1
   b - Animate Skeleton               Necromancy                   1
   c - Summon Small Mammal            Summoning                    1
   d - Apportation                    Translocation                1
 A - a book of Conjurations

   Spells                             Type                      Level
   a - Magic Dart                     Conjuration                  1
   b - Searing Ray                    Conjuration                  2
   c - Dazzling Spray                 Conjuration/Hexes            3
   d - Fulminant Prism                Conjuration/Hexes            4
   e - Force Lance                    Conjuration/Translocation    4
   f - Iskenderun's Mystic Blast      Conjuration                  4
 P - a book of Geomancy

   Spells                             Type                      Level
   a - Sandblast                      Earth                        1
   b - Passwall                       Transmutation/Earth          2
   c - Stone Arrow                    Conjuration/Earth            3
   d - Petrify                        Transmutation/Earth          4
   e - Lee's Rapid Deconstruction     Earth                        5
 U - a book of Misfortune

   Spells                             Type                      Level
   a - Confusing Touch                Hexes                        1
   b - Confuse                        Hexes                        3
   c - Gell's Gravitas                Translocation                3
   d - Petrify                        Transmutation/Earth          4
   e - Metabolic Englaciation         Hexes/Ice                    5
   f - Yara's Violent Unravelling     Hexes/Transmutation          5
Comestibles
 b - 8 bread rations
 d - 4 meat rations
 r - 2 royal jellies
 Q - 6 fruits
 S - a chunk of flesh


   Skills:
 + Level 8.0 Fighting
 + Level 6.0 Dodging
 - Level 1.0 Stealth
 + Level 11.1 Unarmed Combat
 + Level 4.9 Evocations


You had 9 spell levels left.
You didn't know any spells.

Dungeon Overview and Level Annotations

Branches:
Dungeon (8/15)             Temple (0/1) D:7            Lair (5/6) D:8
  Swamp: Lair:2-4    Shoals: Lair:2-4     Snake: Lair:2-4    Spider: Lair:2-4
  Slime: Lair:5-6

Altars:
Makhleb

Shops:
D:4 *   D:7 }


Innate Abilities, Weirdness & Mutations

You are too large for most types of armour.
You have claws for hands.
Your metabolism is lightning-fast.
You like to eat raw meat.
Your natural rate of healing is unusually fast.
You are covered in fur. (AC +1)
You have very tough skin. (AC +2)
You have a pair of small horns on your head.
You are somewhat resistant to further mutation.
You are robust. (+10% HP)


Message History

There was something very wrong with that liquid.
You feel weakened.
You feel dopey.
You feel clumsy. The wolf bites you.
* * * LOW HITPOINT WARNING * * *
The wolf barely misses you.
It was a potion of berserk rage.
A red film seems to cover your vision as you go berserk!
You feel yourself moving faster!
You feel mighty! You block the wolf's attack.
The wolf bites you but does no damage.
You miss the wolf. Your headbutt misses the wolf.
The wolf is moderately wounded.
The wolf misses you.
You closely miss the wolf.
The wolf is moderately wounded.
The wolf bites you.
* * * LOW HITPOINT WARNING * * *
You scratch the wolf. Your headbutt misses the wolf.
The wolf is heavily wounded.
The wolf bites you!
You die...

....#...............
.#..P.............#
..............#.##.
.hD.. .#.#.........#
# ..... #........###
...... #...†...##
..h... ##.....#..#
......####..P........
.......#.#@[.........
.........h##.........
.........h.+.........
.....>..###..........
........# P.........
.......## ##.........
....... .......
.###.## ...# .# ####


You could see 2 wolves.

Vanquished Creatures
  A two-headed ogre (D:8)
  An unseen horror (D:7)
  Pikel (D:4)
  2 black mambas
  2 komodo dragons
  A hornet (D:7)
  Grinder (D:6)
  Prince Ribbit (D:6)
  3 hippogriffs
  A basilisk (Lair:2)
  A water moccasin (Lair:3)
  3 ice beasts
  4 sky beasts
  An orc warrior (D:4)
  A necrophage (D:7)
  A phantom (D:8)
  A wolf (Lair:5)
  6 ogres
  The ghost of ReignOfFire the Slasher, an amateur DsGl (D:3)
  3 centaurs
  2 bullfrogs
  2 scorpions
  A crimson imp (D:6)
  A bullfrog zombie (D:6)
  7 orc priests
  3 hounds
  6 orc wizards
  A bullfrog skeleton (D:8)
  4 iguanas
  Terence (D:3)
  7 worker ants
  A hound skeleton (D:8)
  12 gnolls
  7 adders
  A shadow imp (D:8)
  An ooze (D:3)
  An adder zombie (D:7)
  An adder skeleton (D:5)
  6 worms
  3 dart slugs
  5 leopard geckos
  38 orcs
  8 bats
  4 giant cockroaches
  4 goblins
  6 hobgoblins
  19 jackals
  10 kobolds
  6 quokkas
  5 frilled lizards
  A giant cockroach zombie (D:6)
  A jackal skeleton (D:4)
  2 leopard gecko skeletons
  6 rats
219 creatures vanquished.

Vanquished Creatures (others)
  A quokka skeleton (D:4)
  A fungus (Lair:3)
2 creatures vanquished.

Grand Total: 221 creatures vanquished

Notes
Turn   | Place    | Note
-------+----------+-------------------------------------------
     0 | D:1      | Knicklaso the Troll Monk began the quest for the Orb.
     0 | D:1      | Reached XP level 1. HP: 22/22 MP: 0/0
   204 | D:1      | Reached XP level 2. HP: 29/29 MP: 1/1
   607 | D:1      | Reached skill level 4 in Unarmed Combat
   907 | D:2      | Reached XP level 3. HP: 28/36 MP: 2/2
  1395 | D:3      | Reached XP level 4. HP: 23/44 MP: 3/3
  1405 | D:3      | Reached skill level 5 in Unarmed Combat
  1423 | D:3      | Reached XP level 5. HP: 17/50 MP: 4/4
  1465 | D:3      | Noticed ReignOfFire's ghost (amateur DsGl)
  1554 | D:3      | Killed ReignOfFire's ghost
  1554 | D:3      | Reached skill level 6 in Unarmed Combat
  1633 | D:3      | Noticed Terence
  1642 | D:3      | Killed Terence
  1940 | D:3      | Reached XP level 6. HP: 59/59 MP: 5/5
  2153 | D:4      | Reached skill level 7 in Unarmed Combat
  2256 | D:4      | Noticed a slave
  2261 | D:4      | Noticed Pikel
  2261 | D:4      | Noticed a slave
  2262 | D:4      | Noticed a slave
  2262 | D:4      | Noticed a slave
  2272 | D:4      | Killed Pikel
  2272 | D:4      | Reached skill level 8 in Unarmed Combat
  2272 | D:4      | Reached XP level 7. HP: 21/71 MP: 6/6
  2664 | D:4      | Reached XP level 8. HP: 76/79 MP: 7/7
  2899 | D:4      | Found Fytex's Assorted Antiques.
  2979 | D:5      | Entered Level 5 of the Dungeon
  2987 | D:5      | Reached skill level 5 in Fighting
  3302 | D:5      | Reached skill level 9 in Unarmed Combat
  3874 | D:6      | Noticed Grinder
  3894 | D:6      | Paralysed by Grinder for 5 turns
  3901 | D:6      | Killed Grinder
  3901 | D:6      | Reached skill level 1 in Evocations
  4134 | D:6      | Noticed Prince Ribbit
  4183 | D:6      | Reached XP level 9. HP: 76/89 MP: 9/9
  4198 | D:6      | Found a burning altar of Makhleb.
  4544 | D:6      | Killed Prince Ribbit
  4756 | D:7      | Found a staircase to the Ecumenical Temple.
  5159 | D:7      | Gained mutation: You have a pair of small horns on your head. [mutagenic meat]
  5160 | D:7      | Gained mutation: You are dopey. (Int -2) [mutagenic meat]
  5161 | D:7      | Gained mutation: You are somewhat resistant to further mutation. [mutagenic meat]
  5162 | D:7      | Lost mutation: You are dopey. (Int -2) [mutagenic meat]
  5260 | D:7      | Paralysed by a hornet for 1 turns
  5262 | D:7      | Reached skill level 10 in Unarmed Combat
  5378 | D:8      | Gained mutation: You are robust. (+10% HP) [mutagenic meat]
  5525 | D:7      | Killed an unseen horror
  5525 | D:7      | Reached XP level 10. HP: 58/112 MP: 11/11
  5637 | D:7      | Found Kunad's Gadget Shop.
  6178 | D:8      | Reached skill level 5 in Dodging
  6376 | D:8      | Noticed a two-headed ogre
  6382 | D:8      | Killed a two-headed ogre
  6509 | D:8      | Found a staircase to the Lair.
  6697 | Lair:1   | Entered Level 1 of the Lair of Beasts
  6710 | Lair:1   | Noticed a black mamba
  6715 | Lair:1   | Killed a black mamba
  7184 | Lair:3   | Noticed a black mamba
  7225 | Lair:3   | Reached skill level 11 in Unarmed Combat
  7378 | Lair:5   | Noticed a black mamba
  7386 | Lair:5   | Killed a black mamba
  7457 | Lair:5   | Noticed a four-headed hydra
  7478 | Lair:5   | HP: 5/169 [wolf (6)]
  7479 | Lair:5   | Mangled by a wolf

Skill      XL: |  1  2  3  4  5  6  7  8  9 10 |
---------------+-------------------------------+-----
Unarmed Combat | 4 5 6 8 9 10 11 | 11.1
Fighting       | 4 6 7 8 |  8.0
Dodging        | 3 4 6 |  6.0
Evocations     | 1 3 4 |  4.9
Stealth        | |  1.0

Action                   |  1- 3 |  4- 6 |  7- 9 | 10-12 || total
-------------------------+-------+-------+-------+-------++-------
Melee: Unarmed           |   106 |   113 |   285 |   132 ||   636
       Punch             |     2 |     2 |     8 |    10 ||    22
       Headbutt          |       |       |     3 |    29 ||    32
  Use: Potion            |       |       |       |     4 ||     4
 Stab: Sleeping          |       |     1 |     3 |     1 ||     5
  Eat: Chunk             |    13 |    10 |    41 |    20 ||    84
Armor: Robe              |    33 |    32 |    41 |    18 ||   124
       Skin              |       |     2 |       |       ||     2
Dodge: Dodged            |    49 |    53 |   117 |    63 ||   282
Block: Other             |       |     2 |    41 |    20 ||    63
